 Dungeon Crawl Stone Soup version 0.29.1-15-g9cfb28693d (webtiles) character file.

Game seed: 5999262877381248162

2865 cowcol the Cleaver (level 9, -7/79 HPs)
             Began as a Minotaur Fighter on Mar 24, 2023.
             Was a Follower of Okawaru.
             Mangled by a gnoll sergeant
             ... wielding a +0 spear
              (8 damage)
             ... on level 7 of the Dungeon.
             The game lasted 00:24:29 (10230 turns).

cowcol the Cleaver (Minotaur Fighter)              Turns: 10230, Time: 00:24:29

Health: -7/79      AC: 15    Str: 23    XL:     9   Next: 47%
Magic:  8/8        EV:  6    Int:  5    God:    Okawaru [*.....]
Gold:   377        SH:  8    Dex: 12    Spells: 8/8 levels left

rFire   . . .      SeeInvis .   s - +5 broad axe (vorpal)
rCold   . . .      Faith    .   z - +0 kite shield
rNeg    . . .      Spirit   .   r - +0 chain mail
rPois   +          Reflect  .   (helmet restricted)
rElec   .          Harm     .   e - +2 cloak
rCorr   .          Rampage  .   (no gloves)
Will    .....                   B - +0 pair of boots
Stlth   ..........              (no amulet)
HPRegen 0.23/turn               k - ring of poison resistance
MPRegen 0.11/turn               (no ring)

@: no status effects
A: horns 2, retaliatory headbutt
a: Renounce Religion, Heroism


You were on level 7 of the Dungeon.
You worshipped Okawaru.
Okawaru was aware of your devotion.
You visited 1 branch of the dungeon, and saw 7 of its levels.
You also visited: Sewer.

You collected 377 gold pieces.

Inventory:

Hand Weapons
 a - a +0 war axe
 s - a +5 vorpal broad axe (weapon)
Missiles
 h - 85 stones
 o - 29 poisoned darts (quivered)
Armour
 b - a +0 scale mail
 c - a +0 buckler
 e - a +2 cloak (worn)
 r - a +0 chain mail (worn)
 z - a +0 kite shield (worn)
 B - a +0 pair of boots (worn)
Jewellery
 f - an amulet of faith
 k - a ring of poison resistance (left hand)
 u - an amulet of magic regeneration
Wands
 A - a wand of quicksilver (4)
 D - a wand of polymorph (9)
Scrolls
 i - 3 scrolls of teleportation
 m - a scroll of immolation {unknown}
 n - a scroll of silence {unknown}
 q - a scroll of brand weapon {unknown}
 w - a scroll of fear
 y - a scroll of fog {unknown}
 F - a scroll of poison {unknown}
Potions
 d - 3 potions of might
 g - 2 potions of curing
 l - 2 potions of mutation {unknown}
 p - a potion of experience {unknown}
 t - a potion of heal wounds
 v - a potion of ambrosia {unknown}
 x - a potion of attraction {unknown}
 G - a potion of invisibility {unknown}


   Skills:
 + Level 7.3 Fighting
 + Level 12.0 Axes
 + Level 1.0 Throwing
 + Level 8.6 Armour
 - Level 4.0 Shields


You had 8 spell levels left.
You didn't know any spells.
Your spell library contained the following spells:

 Spells                   Type           Power      Damage    Failure   Level
 Scorch                   Fire           0%         2d5       100%        2
 Dazzling Flash           Conj/Hex       0%         N/A       100%        3
 Inner Flame              Hex/Fire       0%         N/A       100%        3
 Cause Fear               Hex            0%         N/A       100%        4
 Flame Wave               Conj/Fire      0%         2d4       100%        4
 Iskenderun's Mystic Bla  Conj/Tloc      0%         2d3       100%        4
 Starburst                Conj/Fire      0%         6d3       100%        6
 Discord                  Hex            0%         N/A       100%        8
 Summon Small Mammal      Summ           Unusable   N/A       N/A         1
 Call Canine Familiar     Summ           Unusable   N/A       N/A         3
 Summon Guardian Golem    Hex/Summ       Unusable   N/A       N/A         3
 Summon Cactus Giant      Summ           Unusable   N/A       N/A         6

Dungeon Overview and Level Annotations

Branches:
Dungeon (7/15)             Temple (0/1) D:6           Sewer (visited)

Altars:
Ashenzari
Dithmenos
Elyvilon
Kikubaaqudgha
Makhleb
Okawaru
Sif Muna
Trog
Uskayaw
Xom
Zin

Shops:
D:5 [


Innate Abilities, Weirdness & Mutations

You have a pair of horns on your head.
You reflexively headbutt those who attack you in melee.


Message History

The boulder beetle is moderately wounded.
The boulder beetle bites you.
You hit the boulder beetle but do no damage.
The boulder beetle is lightly wounded.
The boulder beetle bites you!!
You hit the boulder beetle.
The boulder beetle is moderately wounded.
You block the boulder beetle's attack.
You barely miss the boulder beetle.
The boulder beetle is moderately wounded.
The boulder beetle bites you!
* * * LOW HITPOINT WARNING * * *
The boulder beetle bites you!
* * * LOW HITPOINT WARNING * * *
You hit the boulder beetle but do no damage.
The boulder beetle is moderately wounded.
The boulder beetle leaps!
You closely miss the necrophage. The necrophage barely misses you.
You furiously retaliate!
You headbutt the necrophage. You slice the necrophage!!
You headbutt the necrophage.
You destroy the necrophage!
Okawaru accepts your kill.
The boulder beetle curls into a ball and begins rolling!
You slice the slime creature!!
The slime creature is heavily wounded.
A gnoll sergeant comes into view. It is wielding a +0 spear.
The slime creature hits you but does no damage.
The boulder beetle stops rolling and uncurls.
You slash the slime creature!
The slime creature is severely wounded.
The gnoll sergeant hits you from afar with a +0 spear.
* * * LOW HITPOINT WARNING * * *
The slime creature hits you but does no damage.
The gnoll sergeant hits you from afar with a +0 spear.
* * * LOW HITPOINT WARNING * * *
The slime creature hits you but does no damage.
You slash the slime creature!
The slime creature is almost dead.
The gnoll sergeant hits you from afar with a +0 spear!
You die...

#####♣.♣##### #♣...♣♣...♣♣...
###.♣ ♣..♣♣♣..♣♣♣ #...♣ ♣..♣
♣..♣ ♣ #.. #)#.♣♣♣..♣♣♣..♣♣♣
#.# #.#♣...♣♣...♣♣... #.# #
#.#######♣.♣##### #># ##g##.#
♣♣.....♣♣ #.#
#.BJ@.#♣♣♣♣..)....♣♣♣ #.#
#.♣♣♣.#.......~...... #.#
..#♣♣♣♣.......♣♣♣ #.# #######
♣♣.....♣♣ #.#
#..###########.###### #.#
#.###................
#.#######.###.############)##
#...............##########.#
#########.#####......÷.....#


You could see a boulder beetle, a slime creature and a gnoll sergeant.

Vanquished Creatures
  A wyvern (D:7)
  2 steam dragons (D:7)
  2 black bears
  2 ice beasts
  4 sky beasts
  An ogre (D:7)
  4 phantoms
  2 kobold brigands
  2 bullfrogs
  2 necrophages
  A scorpion (D:5)
  A howler monkey (D:4)
  A vampire bat (D:5)
  An orc priest (D:5)
  3 jellies
  Crazy Yiuf (D:4)
  A gnoll bouda (D:7)
  4 hounds
  Ijyb (D:4)
  7 iguanas
  2 orc wizards
  3 gnolls (D:6)
  A river rat (Sewer)
  7 adders
  2 white imps
  2 worms
  2 dart slugs
  10 orcs
  2 bat skeletons (D:5)
  4 bat zombies (D:5)
  6 endoplasms
  2 giant cockroaches (D:1)
  7 goblins
  5 hobgoblins
  4 jackals
  25 kobolds
  4 quokkas
  15 ball pythons
  4 bats
  3 frilled lizards
  35 rats
188 creatures vanquished.

Vanquished Creatures (others)
  2 orc warriors (D:7)
  A centaur (D:7)
  2 orc wizards
  An orc (D:7)
  8 plants (D:7)
14 creatures vanquished.

Grand Total: 202 creatures vanquished

Notes
Turn   | Place    | Note
-------+----------+-------------------------------------------
     0 | D:1      | cowcol the Minotaur Fighter began the quest for the Orb.
     0 | D:1      | Reached XP level 1. HP: 19/19 MP: 0/0
   182 | D:1      | Reached XP level 2. HP: 27/27 MP: 1/1
   536 | D:1      | Reached XP level 3. HP: 33/33 MP: 2/2
   731 | D:1      | Reached skill level 3 in Axes
  1785 | D:3      | Found a glowing silver altar of Zin.
  1834 | D:3      | Reached XP level 4. HP: 41/41 MP: 3/3
  2101 | D:3      | Noticed a black bear
  2110 | D:3      | Killed a black bear
  2111 | D:3      | Reached skill level 4 in Axes
  2111 | D:3      | Reached skill level 5 in Armour
  2111 | D:3      | Reached XP level 5. HP: 39/47 MP: 4/4
  2185 | D:3      | Reached skill level 5 in Axes
  2674 | D:3      | Found a faded altar of an unknown god.
  2980 | D:4      | Reached XP level 6. HP: 53/53 MP: 5/5
  3743 | D:4      | Reached skill level 6 in Axes
  3773 | D:4      | Reached skill level 5 in Fighting
  3793 | D:4      | Found a shadowy altar of Dithmenos.
  3814 | D:4      | Noticed Ijyb
  3825 | D:4      | Killed Ijyb
  3826 | D:4      | Reached skill level 7 in Axes
  3826 | D:4      | Reached XP level 7. HP: 46/61 MP: 6/6
  4314 | D:4      | Found a runed translucent door.
  4315 | D:4      | Noticed Crazy Yiuf
  4322 | D:4      | Killed Crazy Yiuf
  4648 | D:5      | Entered Level 5 of the Dungeon
  4952 | D:5      | Found a broken altar of Ashenzari.
  5021 | D:5      | Found Medypn's Armour Boutique.
  5079 | D:5      | Reached skill level 8 in Axes
  5344 | D:5      | Found a large runed translucent door.
  5349 | D:5      | Found a large runed translucent door.
  5358 | D:5      | Found a hide-covered altar of Uskayaw.
  5369 | D:5      | Found a shimmering blue altar of Sif Muna.
  5505 | D:5      | Reached XP level 8. HP: 54/70 MP: 7/7
  5511 | D:5      | Reached skill level 9 in Axes
  5757 | D:5      | Found a bloodstained altar of Trog.
  5968 | D:5      | Found an ancient bone altar of Kikubaaqudgha.
  6051 | D:6      | Found a glowing drain.
  6061 | Sewer    | Entered a sewer
  6961 | D:6      | Reached skill level 10 in Axes
  7028 | D:6      | Found a burning altar of Makhleb.
  7028 | D:6      | Noticed an Executioner
  7049 | D:6      | Found a staircase to the Ecumenical Temple.
  7150 | D:6      | Found an iron altar of Okawaru.
  7166 | D:6      | Became a worshipper of Warmaster Okawaru
  7976 | D:7      | Found a white marble altar of Elyvilon.
  7996 | D:7      | Found a shimmering altar of Xom.
  8641 | D:7      | Reached skill level 11 in Axes
  8641 | D:7      | Reached XP level 9. HP: 61/78 MP: 8/8
  9131 | D:7      | Reached * piety under Okawaru
  9133 | D:7      | Reached skill level 1 in Throwing
 10208 | D:7      | Reached skill level 12 in Axes
 10214 | D:7      | Noticed a boulder beetle
 10229 | D:7      | HP: 3/79 [gnoll sergeant/+0 spear (4)]
 10229 | D:7      | HP: 1/79 [gnoll sergeant/+0 spear (2)]
 10230 | D:7      | Mangled by a gnoll sergeant

Illustrated notes

Levels and vault maps discovered:
D:1:      minmay_arrival_loop, layout_basic, hex_tiny
D:2:      layout_rooms, kennysheep_decorative_pillar, hangedman_decor_lopped,
          minmay_misc_feat_encased
D:3:      minmay_recursive_quarters, layout_loops_ring,
          mainiacjoe_overflow_chevrons, ebering_ecumenical_altar_abandoned
D:4:      layout_loops_corners, mainiacjoe_overflow_alcove_4,
          serial_park_tiny_pond, uniq_crazy_yiuf_cottage, uniq_ijyb
D:5:      layout_rooms, jmf_multi_god_temple2, trog_three_pillars_becter,
          lemuel_round_altar, kennysheep_vampire_church, serial_shops,
          nicolae_stop_n_shop_2
D:6:      layout_gridville, makhleb_altar_promises_db,
          okawaru_altar_gauntlet_db, minmay_temple_entry_from_below_a,
          cheibrodos_sewer_entry_sluice
D:7:      nzn_winding_woodlands_three_and_one
          [nzn_winding_woodlands_5x15_garden, nzn_winding_woodlands_5x15_zeroes,
          nzn_winding_woodlands_5x15_parted,
          nzn_winding_woodlands_center_lodge], layout_loops_ring,
          overflow_temple_1_default, xom_confusion_cloud, chequers_avenue

Skill      XL: |  1  2  3  4  5  6  7  8  9 |
---------------+----------------------------+-----
Armour         | 4 5 6 7 8 |  8.6
Fighting       | 4 5 6 7 |  7.3
Axes           | 3 4 5 7 8 11 12 | 12.0
Shields        | 4 |  4.0
Throwing       | 1 |  1.0

Action                   |  1- 3 |  4- 6 |  7- 9 || total
-------------------------+-------+-------+-------++-------
Melee: War axe           |    97 |       |       ||    97
       Headbutt          |     8 |     7 |    24 ||    39
       Broad axe         |     2 |    65 |   226 ||   293
Throw: Stone             |       |     1 |     6 ||     7
       Dart              |       |       |     4 ||     4
  Use: Scroll            |     2 |     3 |    11 ||    16
       Potion            |       |     2 |     8 ||    10
Armor: Scale mail        |    54 |    26 |       ||    80
       Chain mail        |       |    18 |   147 ||   165
Dodge: Dodged            |    37 |    32 |    48 ||   117
Block: Buckler           |    24 |    12 |       ||    36
       Kite shield       |       |     6 |    79 ||    85
